 Dungeon Crawl Stone Soup version 0.28-a0-863-g8cecda6153 (webtiles) character file.

Game seed: 4823737009419203332

74 siradein the Ruffian (level 4, -6/45 HPs)
             Began as a Troll Monk on Nov 16, 2021.
             Mangled by Sigmund (15 damage)
             ... on level 2 of the Dungeon.
             The game lasted 00:03:24 (1186 turns).

siradein the Ruffian (Troll Monk)                   Turns: 1186, Time: 00:03:24

Health: -6/45      AC:  4    Str: 19    XL:     4   Next: 9%
Magic:  3/3        EV: 10    Int:  6    God:
Gold:   114        SH:  0    Dex: 13    Spells: 3/3 levels left

rFire   . . .      SeeInvis .     - Unarmed
rCold   . . .      Faith    .   (no shield)
rNeg    . . .      Spirit   .   a - +0 robe
rPois   .          Reflect  .   (helmet restricted)
rElec   .          Harm     .   (no cloak)
rCorr   .          Rampage  .   (gloves unavailable)
Will    .....                   (boots unavailable)
Stlth   ++........              (no amulet)
HPRegen 1.15/turn               (no ring)
MPRegen 0.08/turn               (no ring)

@: no status effects
A: large, unfitting armour, claws 3, regeneration 1, shaggy fur 1, tough skin 1
a: no special abilities


You were on level 2 of the Dungeon.
You visited 1 branch of the dungeon, and saw 2 of its levels.

You collected 114 gold pieces.

Inventory:

Armour
 a - a +0 robe (worn)
Scrolls
 b - 2 scrolls of identify {unknown}
 d - 2 scrolls of immolation {unknown}
 e - a scroll of teleportation {unknown}
 i - a scroll of summoning {unknown}
Potions
 c - 3 potions of heal wounds {unknown}
 f - 2 potions of degeneration {unknown}
 g - a potion of haste {unknown}
 h - a potion of lignification {unknown}
 j - a potion of magic {unknown}


   Skills:
 + Level 3.0 Fighting
 + Level 3.1 Dodging
 - Level 1.0 Stealth
 + Level 3.7 Unarmed Combat


You had 3 spell levels left.
You didn't know any spells.
Your spell library contained the following spells:

 Spells                   Type           Power      Damage    Failure   Level
 Magic Dart               Conj           0%         1d3       45%         1
 Slow                     Hex            0%         N/A       45%         1
 Searing Ray              Conj           0%         2d4       58%         2
 Confusing Touch          Hex            0%         N/A       83%         3
 Fulminant Prism          Conj/Hex       0%         3d6       99%         4
 Yara's Violent Unravell  Hex/Tmut       0%         3d3       100%        5


Dungeon Overview and Level Annotations

Branches:
Dungeon (2/15)

Altars:

Shops:
D:1 :

Annotations:
D:2 Sigmund


Innate Abilities, Weirdness & Mutations

You are too large for most types of armour.
You have claws for hands.
Your natural rate of healing is unusually fast.
You are covered in fur. (AC +1)
You have tough skin. (AC +1)


Message History

A jackal comes into view.
A ball python comes into view.
A jackal comes into view.
The ball python hisses angrily.
You claw Sigmund!
Sigmund is almost dead.
Sigmund laughs darkly.
Sigmund gestures at you while chanting.
You are confused.
You are too confused!
You are too confused!
You are too confused!
You barely miss Sigmund. Your claw misses Sigmund.
Sigmund is almost dead.
Sigmund hits you with a +7 vorpal scythe!
Found 17 gold pieces.
Sigmund gestures at you while chanting. The magic dart hits you.
* * * LOW HITPOINT WARNING * * *
Sigmund closely misses you. The jackal misses you.
The jackal bites you but does no damage.
The jackal bites you.
You closely miss the jackal. The jackal barely misses you.
Sigmund points at you and mumbles some strange words.
The magic dart hits you.
* * * LOW HITPOINT WARNING * * *
The jackal misses you. The jackal bites you.
* * * LOW HITPOINT WARNING * * *
You feel less confused. The jackal closely misses you.
Sigmund casts a spell.
Sigmund flickers and vanishes!
Deactivating autopickup; reactivate with Ctrl-A.
The jackal barely misses you.
You closely miss the jackal. The jackal bites you.
* * * LOW HITPOINT WARNING * * *
The jackal bites you.
* * * LOW HITPOINT WARNING * * *
Something hits you!
You die...

.# ##.####### ##.....#...$
##........... #............
#............ #...h...<....
#..@hS....... #...h{.......
#............ ##...)....... #
##.....#.... #### ##.####
#######.#. #############.#
#....†... #..........##.#
#####.####.#.
#..........##.###.....##.####


You could see 3 jackals and a ball python.

Vanquished Creatures
  3 adders (D:2)
  An adder skeleton (D:2)
  A worm (D:2)
  A dart slug (D:2)
  4 ball pythons
  4 bats
  7 endoplasms
  4 goblins
  4 hobgoblins (D:1)
  A jackal (D:2)
  2 quokkas (D:2)
  A frilled lizard (D:1)
  4 kobolds
  A rat (D:1)
38 creatures vanquished.

Notes
Turn   | Place    | Note
-------+----------+-------------------------------------------
     0 | D:1      | siradein the Troll Monk began the quest for the Orb.
     0 | D:1      | Reached XP level 1. HP: 22/22 MP: 0/0
   138 | D:1      | Found Riovaq's Book Shoppe.
   160 | D:1      | Reached XP level 2. HP: 29/29 MP: 1/1
   969 | D:2      | Reached XP level 3. HP: 36/36 MP: 2/2
  1037 | D:2      | Reached XP level 4. HP: 40/45 MP: 3/3
  1168 | D:2      | Noticed Sigmund
  1186 | D:2      | Mangled by Sigmund

Illustrated notes

Levels and vault maps discovered:
D:1:      dpeg_arrival_solitude, layout_loops_corners, serial_shops,
          nicolae_square_shop, minivault_25, minmay_tromino_v7
D:2:      minmay_spotlight, layout_rooms, uniq_sigmund

Skill      XL: |  1  2  3 |
---------------+----------+-----
Dodging        | 3 |  3.1
Fighting       | 3 |  3.0
Stealth        | |  1.0
Unarmed Combat | |  3.7

Action                   |  1- 3 |  4- 6 || total
-------------------------+-------+-------++-------
Melee: Unarmed           |    83 |    16 ||    99
       Punch             |       |     1 ||     1
 Stab: Sleeping          |     3 |       ||     3
Armor: Robe              |    22 |     3 ||    25
Dodge: Dodged            |    31 |    15 ||    46

Table legend: (Time is in decaauts)
 A = Elapsed time spent in this place.
 B = Non-inter-level travel time spent in this place.
 C = Inter-level travel time spent in this place.
 D = Time resting spent in this place.
 E = Time spent auto-exploring this place.
 F = Levels seen in this place.
 G = Mean time per level.
                   A        B        C        D        E       F      G
               +--------+--------+--------+--------+--------+-----+--------+
         Total |   1179 |   1176 |      3 |      0 |    942 |   2 |  589.5 |
       Dungeon |   1179 |   1176 |      3 |      0 |    942 |   2 |  589.5 |
               +--------+--------+--------+--------+--------+-----+--------+

Top non-repeatable levels by time:
     D:1: 844 daAuts
     D:2: 334 daAuts
